 Dungeon Sprint DCSS version 0.17-a0-1719-g1afd5a1 (webtiles) character file.

4600000 ztt the Plane Walker (level 27, -23/273 HPs)
             Began as a Ghoul Warper on Aug 27, 2015.
             Was the Champion of Makhleb.
             Annihilated by a destroyer
             ... wielding a +9 great sword of slicing
              (35 damage)
             ... in the Dungeon (Sprint VIII: "Arena of Blood").
             The game lasted 00:01:23 (46 turns).

ztt the Plane Walker (Ghoul Warper)                   Turns: 46, Time: 00:01:23

Health: -23/273    AC:  6    Str: 21    XL:     27
Magic:  10/53      EV: 30    Int:  8    God:    Makhleb [******]
Gold:   0          SH:  0    Dex: 15    Spells: 1 memorised, 79 levels left

rFire  . . .     SeeInvis +     l - +∞ Axe of Woe
rCold  + . .     Clarity  .     b - +0 leather armour
rNeg   + + +     SustAt   .     (no shield)
rPois  ∞         Gourm    .     (no helmet)
rElec  .         Spirit   .     (no cloak)
rCorr  .         Warding  .     (no gloves)
rMut   .         NoTele   +     (no boots)
MR     ++...                    (no amulet)
Stlth  +++++++++.               (no ring)
                                m - ring of see invisible

@: rotting, very resistant to hostile enchantments, incredibly stealthy
A: rotting body, claws 1, carnivore 3, cold resistance 1, negative energy
resistance 3, slow healing 1, torment resistance, unbreathing
a: Minor Destruction, Lesser Servant of Makhleb, Major Destruction, Greater
Servant of Makhleb, Renounce Religion


You were in the Dungeon.
You worshipped Makhleb.
Makhleb was exalted by your worship.
You were not hungry.

You visited 1 branch

Inventory:

Hand weapons
 a - a +0 hand axe
 l - the +∞ Axe of Woe (weapon)
   (You found it in the Dungeon)
Missiles
 e - 5 tomahawks of dispersal (quivered)
Armour
 b - a +0 leather armour (worn)
Jewellery
 m - a ring of see invisible (left claw)
Scrolls
 d - 2 scrolls of blinking
Potions
 g - a potion of curing
 h - a potion of heal wounds
 i - a potion of haste
 j - 2 potions of magic
 k - a potion of berserk rage
Books
 c - a book of Spatial Translocations

   Spells                             Type                      Level
   a - Apportation                    Translocation                1
   b - Blink                          Translocation                2
   c - Shroud of Golubria             Charms/Translocation         2
   d - Portal Projectile              Translocation                3
   e - Teleport Other                 Translocation                3
   f - Passage of Golubria            Translocation                4
Comestibles
 f - a meat ration


   Skills:
 O Level 27 Fighting
 O Level 27 Axes
 O Level 27 Throwing
 O Level 27 Armour
 O Level 27 Dodging
 O Level 27 Stealth
 O Level 27 Unarmed Combat
 O Level 27 Spellcasting
 O Level 27 Translocations
 O Level 27 Invocations


You had 79 spell levels left.
You knew the following spells:

 Your Spells              Type           Power        Failure   Level  Hunger
a - Apportation           Tloc           ######....   0%          1    None


Dungeon Overview and Level Annotations

Branches:
Dungeon (1/1)

Altars:
Makhleb


Innate Abilities, Weirdness & Mutations

Your body is rotting away.
You thrive on raw meat.
You are immune to poison.
You have sharp fingernails.
You are carnivorous and can eat meat at any time.
Your flesh is cold resistant.
You are immune to negative energy.
You heal slowly when monsters are visible.
You are immune to unholy pain and torment.
You can survive without breathing.


Message History

You feel better.
You hear a shout! x2
The tyrant moves out of view.
You hear a shout!
The destroyer blinks!
You hear a shout! x4
A meat berserker comes into view. It is wielding a +9 battleaxe.
Unknown command.
Unknown command.
Unknown command. 2 orcs come into view.
The meat berserker hits you with a +9 battleaxe!!!
You hear a shout! x4
The accursed appears out of thin air!
An accursed comes into view.
The tyrant gestures wildly while chanting.
The destroyer hits you with a +9 great sword of slicing!!!!!
Ouch! That really hurt!
* * * LOW HITPOINT WARNING * * *
You die...

......§o###......
o......###)......###.
o......X.#..)....#
o..O..X.X#..)...%#.
#.......L.).)......
#.#......X.%......
#...X...%))......
#.#....OV§§)§....#
.#....@#)§§§§...#o
......V.o.o......#
......o##)#......§.
#...... .....M.....
...####....#.....##
.. ............. #
..........%...
##............
##########


You could see an accursed (wandering), 2 tentacled monstrosities, a tyrant, 2
destroyers, 3 large abominations, 2 meat berserkers and 6 bags of meat.

Vanquished Creatures
  5 vampire knights (D)
  11 ogres (D)
  38 orcs (D)
  2 hill giants (D)
56 creatures vanquished.

Notes
Turn   | Place    | Note
--------------------------------------------------------------
     0 | D        | ztt the Ghoul Warper began the quest for the Orb.
     0 | D        | Reached XP level 1. HP: 17/17 MP: 2/2
     4 | D        | Became a worshipper of Makhleb the Destroyer
     5 | D        | Noticed a bag of meat
     6 | D        | Noticed a bag of meat
     7 | D        | Noticed a bag of meat
     7 | D        | Noticed a bag of meat
     8 | D        | Noticed a bag of meat
     9 | D        | Killed a bag of meat
     9 | D        | Reached skill level 11 in Fighting
     9 | D        | Reached skill level 10 in Spellcasting
     9 | D        | Reached skill level 17 in Translocations
     9 | D        | Reached XP level 2. HP: 20/41 MP: 2/12
     9 | D        | Reached XP level 3. HP: 23/48 MP: 2/14
     9 | D        | Reached XP level 4. HP: 26/56 MP: 2/15
     9 | D        | Reached XP level 5. HP: 28/62 MP: 2/17
     9 | D        | Reached XP level 6. HP: 31/69 MP: 2/18
     9 | D        | Reached XP level 7. HP: 33/75 MP: 2/20
     9 | D        | Reached XP level 8. HP: 36/83 MP: 2/21
     9 | D        | Reached XP level 9. HP: 39/90 MP: 2/22
     9 | D        | Reached XP level 10. HP: 42/97 MP: 2/23
     9 | D        | Reached XP level 11. HP: 45/104 MP: 2/24
     9 | D        | Reached XP level 12. HP: 48/111 MP: 2/25
     9 | D        | Killed a bag of meat
     9 | D        | Acquired Makhleb's first power
     9 | D        | Reached skill level 10 in Dodging
     9 | D        | Reached skill level 20 in Translocations
     9 | D        | Reached XP level 13. HP: 83/122 MP: 2/28
    10 | D        | Noticed a meat berserker
    12 | D        | Noticed a bag of meat
    12 | D        | Killed a bag of meat
    12 | D        | Reached skill level 21 in Translocations
    12 | D        | Reached XP level 14. HP: 129/133 MP: 2/30
    12 | D        | Killed a bag of meat
    12 | D        | Acquired Makhleb's second power
    12 | D        | Reached skill level 15 in Fighting
    12 | D        | Reached skill level 22 in Translocations
    13 | D        | Noticed a bag of meat
    13 | D        | Noticed a bag of meat
    13 | D        | Noticed a meat berserker
    13 | D        | Killed a bag of meat
    13 | D        | Reached skill level 24 in Translocations
    13 | D        | Reached XP level 15. HP: 118/145 MP: 3/32
    13 | D        | Killed a meat berserker
    13 | D        | Acquired Makhleb's third power
    13 | D        | Reached skill level 5 in Throwing
    13 | D        | Reached skill level 15 in Spellcasting
    13 | D        | Reached skill level 25 in Translocations
    13 | D        | Reached XP level 16. HP: 152/157 MP: 3/34
    14 | D        | Noticed a bag of meat
    14 | D        | Noticed a bag of meat
    14 | D        | Noticed a large bag of meat
    14 | D        | Noticed a bag of meat
    14 | D        | Noticed a bag of meat
    15 | D        | Noticed a bag of meat
    15 | D        | Noticed a meat berserker
    15 | D        | Noticed a bag of meat
    15 | D        | Noticed a bag of meat
    15 | D        | Noticed a bag of meat
    15 | D        | Noticed a meat berserker
    15 | D        | Noticed a bag of meat
    16 | D        | Noticed a bag of meat
    16 | D        | Noticed a meat berserker
    17 | D        | Noticed a meat berserker
    17 | D        | Noticed a bag of meat
    17 | D        | Noticed a bag of meat
    17 | D        | Noticed a bag of meat
    17 | D        | Killed a bag of meat
    17 | D        | Reached skill level 26 in Translocations
    17 | D        | Killed a bag of meat
    17 | D        | Reached skill level 15 in Dodging
    17 | D        | Reached skill level 5 in Stealth
    17 | D        | Reached skill level 27 in Translocations
    17 | D        | Killed a bag of meat
    17 | D        | Acquired Makhleb's fourth power
    17 | D        | Reached skill level 5 in Armour
    17 | D        | Reached XP level 17. HP: 166/171 MP: 4/37
    18 | D        | Noticed a bag of meat
    18 | D        | Noticed a bag of meat
    18 | D        | Noticed a meat berserker
    18 | D        | Killed a meat berserker
    18 | D        | Killed a meat berserker
    18 | D        | Acquired Makhleb's fifth power
    18 | D        | Reached XP level 18. HP: 179/189 MP: 4/41
    18 | D        | Killed a bag of meat
    18 | D        | Noticed a destroyer
    19 | D        | Noticed a bag of meat
    19 | D        | Killed a bag of meat
    19 | D        | Killed a meat berserker
    19 | D        | Reached XP level 19. HP: 199/204 MP: 4/44
    20 | D        | Noticed a bag of meat
    20 | D        | Noticed a bag of meat
    20 | D        | Noticed a bag of meat
    20 | D        | Killed a meat berserker
    20 | D        | Reached skill level 27 in Fighting
    20 | D        | Reached skill level 27 in Axes
    20 | D        | Reached skill level 10 in Throwing
    20 | D        | Killed a bag of meat
    20 | D        | Reached skill level 15 in Stealth
    20 | D        | Killed a bag of meat
    20 | D        | Reached skill level 10 in Armour
    20 | D        | Reached XP level 20. HP: 216/216 MP: 5/48
    21 | D        | Noticed a bag of meat
    21 | D        | Noticed a bag of meat
    21 | D        | Noticed a bag of meat
    21 | D        | Killed a bag of meat
    21 | D        | Killed a bag of meat
    22 | D        | Noticed a meat berserker
    22 | D        | Noticed a bag of meat
    22 | D        | Killed a bag of meat
    22 | D        | Reached skill level 27 in Spellcasting
    23 | D        | Killed a bag of meat
    23 | D        | Killed a bag of meat
    23 | D        | Reached skill level 27 in Dodging
    23 | D        | Reached XP level 21. HP: 224/224 MP: 5/51
    23 | D        | Killed a meat berserker
    23 | D        | Reached skill level 27 in Stealth
    23 | D        | Killed a bag of meat
    24 | D        | Noticed a destroyer
    24 | D        | Noticed a bag of meat
    24 | D        | Noticed a bag of meat
    24 | D        | Noticed a bag of meat
    24 | D        | Killed a meat berserker
    24 | D        | Reached XP level 22. HP: 233/233 MP: 5/52
    25 | D        | Killed a bag of meat
    26 | D        | Noticed a meat berserker
    26 | D        | Noticed a bag of meat
    26 | D        | Killed a destroyer
    26 | D        | Reached skill level 27 in Armour
    26 | D        | Killed a bag of meat
    26 | D        | Killed a bag of meat
    26 | D        | Reached skill level 27 in Throwing
    26 | D        | Reached XP level 23. HP: 240/240 MP: 6/53
    26 | D        | Killed a large bag of meat
    26 | D        | Reached skill level 10 in Unarmed Combat
    26 | D        | Reached skill level 10 in Invocations
    26 | D        | Killed a bag of meat
    27 | D        | Noticed a bag of meat
    28 | D        | Killed a bag of meat
    28 | D        | Killed a bag of meat
    28 | D        | Killed a destroyer
    28 | D        | Killed a meat berserker
    28 | D        | Reached skill level 27 in Unarmed Combat
    28 | D        | Reached skill level 27 in Invocations
    28 | D        | Reached XP level 24. HP: 249/249 MP: 6/53
    28 | D        | Killed a bag of meat
    29 | D        | Noticed a bag of meat
    29 | D        | Killed a bag of meat
    29 | D        | Killed a bag of meat
    29 | D        | Killed a bag of meat
    30 | D        | Noticed a meat berserker
    30 | D        | Noticed a bag of meat
    30 | D        | Killed a bag of meat
    30 | D        | Killed a bag of meat
    30 | D        | Reached XP level 25. HP: 257/257 MP: 7/53
    30 | D        | Noticed a destroyer
    31 | D        | Noticed a destroyer
    31 | D        | Noticed a large bag of meat
    31 | D        | Killed a meat berserker
    31 | D        | Killed a bag of meat
    31 | D        | Killed a destroyer
    32 | D        | Killed a bag of meat
    32 | D        | Killed a bag of meat
    32 | D        | Reached XP level 26. HP: 266/266 MP: 7/53
    33 | D        | Killed a bag of meat
    33 | D        | Killed a bag of meat
    34 | D        | Killed a bag of meat
    34 | D        | Noticed a bag of meat
    35 | D        | Noticed a bag of meat
    36 | D        | Killed a bag of meat
    36 | D        | Killed a destroyer
    37 | D        | Noticed a destroyer
    37 | D        | Killed a meat berserker
    37 | D        | Reached XP level 27. HP: 273/273 MP: 9/53
    40 | D        | Noticed a destroyer
    40 | D        | Killed a large bag of meat
    40 | D        | Killed a bag of meat
    41 | D        | Noticed a destroyer
    41 | D        | Noticed a meat berserker
    42 | D        | Noticed a bag of meat
    42 | D        | Killed a destroyer
    43 | D        | Noticed a meat berserker
    44 | D        | Noticed a tyrant
    45 | D        | Killed a meat berserker
    46 | D        | Noticed a meat berserker
    46 | D        | Noticed a bag of meat
    46 | D        | Noticed a bag of meat
    46 | D        | HP: 12/273 [destroyer/+9 great sword of slicing (201)]
    46 | D        | Annihilated by a destroyer

Vault maps used:
D:        meatsprint

Action                   |  1- 3 |  4- 6 |  7- 9 | 10-12 | 13-15 | 16-18 | 19-21 | 22-24 | 25-27 || total
-------------------------+-------+-------+-------+-------+-------+-------+-------+-------+-------++-------
Melee: Executioner's axe |     1 |       |       |       |     2 |     3 |     5 |     5 |     9 ||    25
 Cast: Apportation       |       |       |       |       |       |       |       |       |     1 ||     1
 Stab: Distracted        |       |       |       |       |       |     1 |       |       |       ||     1
